 Dungeon Crawl Stone Soup version 0.21.1-1-g345015fe64 (webtiles) character file.

312 Barbies the Ducker (level 6, -2/57 HPs)
             Began as a Deep Dwarf Monk on May 28, 2018.
             Was a Believer of Sif Muna.
             Slain by LSF's ghost (5 damage)
             ... on level 4 of the Dungeon.
             The game lasted 00:24:47 (2471 turns).

Barbies the Ducker (Deep Dwarf Monk)                Turns: 2471, Time: 00:24:47

Health: -2/57      AC:  3    Str: 14    XL:     6   Next: 18%
Magic:  0/0        EV: 16    Int: 11    God:    Sif Muna [**....]
Gold:   167        SH:  0    Dex: 19    Spells: 5/5 levels left

rFire    . . .     SeeInvis .   e - -1 dagger (curse)
rCold    . . .     Gourm    .   (no shield)
rNeg     . . .     Faith    .   m - +0 robe (curse)
rPois    .         Spirit   .   (no helmet)
rElec    .         Reflect  .   (no cloak)
rCorr    .         Harm     .   (no gloves)
MR       .....                  q - +0 pair of boots
Stlth    +++.......             (no amulet)
HPRegen  0.00/turn              v - +2 ring of dexterity
MPRegen  0.07/turn              (no ring)

@: non-regenerating, divine energy
A: damage resistance, heal wounds, sense surroundings 1, no regeneration
a: Heal Wounds, Stop Divine Energy, Renounce Religion


You were on level 4 of the Dungeon.
You worshipped Sif Muna.
Sif Muna was pleased with you.
You were very hungry.

You visited 1 branch of the dungeon, and saw 4 of its levels.

You collected 167 gold pieces.

Inventory:

Hand Weapons
 a - a +0 hand axe
 e - a cursed -1 dagger (weapon)
 h - a +0 hunting sling
 t - a +0 hunting sling
Missiles
 d - 14 bolts
 j - 40 arrows
 p - 43 stones (quivered)
Armour
 b - a +0 robe
 m - a cursed +0 robe (worn)
 q - a +0 pair of boots (worn)
 r - a +0 scale mail
Jewellery
 v - a +2 ring of dexterity (left hand)
Scrolls
 n - a scroll of teleportation {unknown}
 o - a scroll of immolation {unknown}
 s - a scroll of fear
 u - a scroll of remove curse {unknown}
Potions
 f - a potion of resistance
 g - a potion of haste {unknown}
 i - a potion of flight {unknown}
 k - a potion of heal wounds {unknown}
 l - 2 potions of might {unknown}
Comestibles
 c - 3 rations


   Skills:
 + Level 3.9 Fighting
 + Level 2.5 Short Blades
 + Level 3.3 Axes
 + Level 5.4 Dodging
 + Level 3.6 Stealth


You had 5 spell levels left.
You didn't know any spells.

Dungeon Overview and Level Annotations

Branches:
Dungeon (4/15)
 Temple: D:4-7

Altars:
Hepliaklqana
Kikubaaqudgha
Ru
Sif Muna

Annotations:
D:4 LSF's ghost, amateur VSFi


Innate Abilities, Weirdness & Mutations

You are resistant to damage.
You can heal yourself by infusing magical energy.
You passively map a small area around you.
You do not regenerate.


Message History

You don't have enough innate magic capacity.
You don't have enough innate magic capacity.
Sif Muna will now grant you divine energy when your reserves of magic are depleted.
You will briefly lose access to your magic after casting a spell in this manner.
You don't have enough innate magic capacity.
You don't have enough innate magic capacity.
You hit LSF's ghost but do no damage.
LSF's ghost is lightly damaged.
LSF's ghost hits you.
You hit LSF's ghost but do no damage.
LSF's ghost is lightly damaged.
LSF's ghost hits you!
* * * LOW HITPOINT WARNING * * *
You hit LSF's ghost but do no damage.
LSF's ghost is lightly damaged.
LSF's ghost barely misses you.
You hit LSF's ghost but do no damage.
LSF's ghost is lightly damaged.
LSF's ghost hits you.
You die...

#.....##### #.###.....# *
#.#######.# , ,, #......##.###
# #.####.##.#.... * * ####
######...<#$#.# ...#
#......#..#.#.# #.# * ,
...####'####.#..#'#.####.# #.#
...##....# #.#..@W.......## #.#
)...'....+ ..#............##
#.# #####....#
####......###...####.# #
....................+...+.....
#
#.##.#......#.......##...####.#
#
#>,............................
#*#
#.#....#.###########........ #*
..#.##.#. ######### # * ###
#..# * * , .


You could see LSF's ghost.

Vanquished Creatures
  Sigmund (D:3)
  A vampire bat (D:3)
  Jessica (D:3)
  4 adders
  A dart slug (D:1)
  3 leopard geckos
  6 bats
  2 bat skeletons (D:3)
  3 bat zombies (D:3)
  2 giant cockroaches
  8 goblins
  4 hobgoblins
  3 jackals (D:3)
  4 frilled lizards
  8 kobolds
  2 rats (D:1)
53 creatures vanquished.

Notes
Turn   | Place    | Note
-------+----------+-------------------------------------------
     0 | D:1      | Barbies the Deep Dwarf Monk began the quest for the Orb.
     0 | D:1      | Reached XP level 1. HP: 20/20 MP: 1/1
   455 | D:1      | Reached XP level 2. HP: 28/28 MP: 2/2
   888 | D:2      | Reached XP level 3. HP: 29/34 MP: 3/3
  1034 | D:2      | Reached skill level 4 in Dodging
  1094 | D:2      | You fall through a shaft!
  1221 | D:3      | Found a hazy altar of Hepliaklqana.
  1244 | D:3      | Noticed Jessica
  1286 | D:3      | Killed Jessica
  1286 | D:3      | Reached skill level 1 in Short Blades
  1286 | D:3      | Reached XP level 4. HP: 33/42 MP: 4/4
  1358 | D:3      | Found a deep blue altar of Sif Muna.
  1522 | D:3      | Became a worshipper of Sif Muna the Loreminder
  1522 | D:3      | Reached * piety under Sif Muna
  1522 | D:3      | Reached ** piety under Sif Muna
  1690 | D:3      | Noticed Sigmund
  1712 | D:3      | HP: 1/42 [Sigmund/scythe (10)]
  1745 | D:3      | HP: 1/42 [something (6)]
  1759 | D:3      | Killed Sigmund
  1759 | D:3      | Reached skill level 5 in Dodging
  1759 | D:3      | Reached XP level 5. HP: 19/50 MP: 2/2
  1896 | D:3      | Reached XP level 6. HP: 57/57 MP: 1/1
  1977 | D:3      | Found an ancient bone altar of Kikubaaqudgha.
  2331 | D:4      | Found a sacrificial altar of Ru.
  2428 | D:4      | Noticed LSF's ghost (amateur VSFi)
  2471 | D:4      | Slain by LSF's ghost

Skill      XL: |  1  2  3  4 |
---------------+-------------+-----
Fighting       | 3 |  3.9
Dodging        | 4 5 |  5.4
Stealth        | 3 |  3.6
Short Blades   | 1 2 |  2.5
Axes           | |  3.3

Action                   |  1- 3 |  4- 6 || total
-------------------------+-------+-------++-------
Melee: Dagger            |   226 |   257 ||   483
       Hand axe          |     7 |       ||     7
Invok: Divine Energy     |       |     1 ||     1
 Abil: Heal Wounds       |     4 |    13 ||    17
  Use: Scroll            |     2 |       ||     2
       Potion            |       |     1 ||     1
 Stab: Sleeping          |     6 |     4 ||    10
  Eat: Ration            |     1 |       ||     1
       Chunk             |       |     1 ||     1
Armor: Robe              |    57 |    38 ||    95
Dodge: Dodged            |   241 |   229 ||   470
